 Dungeon Crawl Stone Soup version 0.20.1-1-g8b1a95d (console) character file.

104 hilaritas the Shield-Bearer (level 5, -1/41 HPs)
             Began as a Formicid Fighter on Aug 10, 2017.
             Slain by a gnoll
             ... wielding a +0 flail
              (9 damage)
             ... on level 2 of the Dungeon.
             The game lasted 00:04:59 (1757 turns).

hilaritas the Shield-Bearer (Formicid Fighter)      Turns: 1757, Time: 00:05:00

Health: -1/41      AC:  8    Str: 27    XL:     5   Next: 7%
Magic:  5/5        EV:  8    Int:  7    God:
Gold:   50         SH: 10    Dex: 10    Spells: 4/4 levels left

rFire    . . .     SeeInvis +   a - +0 war axe
rCold    . . .     Gourm    .   c - +0 shield
rNeg     . . .     Faith    .   b - +0 scale mail
rPois    .         Spirit   .   (helmet unavailable)
rElec    .         Reflect  .   (no cloak)
rCorr    .         Harm     .   (no gloves)
MR       .....                  m - +0 pair of boots
Stlth    ..........             (no amulet)
Regen    0.2/turn               (no ring)
MPRegen  0.1/turn               (no ring)

@: mighty
A: permanent stasis, dig shafts and tunnels, four strong arms, antennae 3
a: Dig, Shaft Self


You were on level 2 of the Dungeon.
You were not hungry.

You visited 1 branch of the dungeon, and saw 3 of its levels.

You collected 50 gold pieces.

Inventory:

Hand Weapons
 a - a +0 war axe (weapon)
 e - a cursed -1 club
Armour
 b - a +0 scale mail (worn)
 c - a +0 shield (worn)
 m - a +0 pair of boots (worn)
Jewellery
 k - a cursed ring of magical power {unknown}
Scrolls
 g - a scroll of amnesia {unknown}
 i - 2 scrolls of remove curse {unknown}
 l - 3 scrolls of identify {unknown}
 o - 2 scrolls of magic mapping {unknown}
 r - a scroll of immolation {unknown}
Potions
 n - a potion of degeneration {unknown}
 p - a potion of haste {unknown}
 q - a potion of ambrosia {unknown}
Comestibles
 f - 2 bread rations
 h - 2 chunks of flesh


   Skills:
 - Level 3.2 Fighting
 * Level 4.0 Axes
 - Level 3.2 Armour
 + Level 4.7 Shields


You had 4 spell levels left.
You didn't know any spells.

Dungeon Overview and Level Annotations

Branches:
Dungeon (3/15)

Altars:


Innate Abilities, Weirdness & Mutations

You cannot be hasted, slowed, berserked, paralysed or teleported.
You can dig through walls and to a lower floor.
Your four strong arms can wield two-handed weapons with a shield.
You have a pair of large antennae on your head. (SInv)


Message History

It was a potion of curing.
You feel better. The rat bites you but does no damage.
You closely miss the rat. The rat barely misses you.
Your shield and scale mail prevent you from hitting the rat.
You block the rat's attack.
You slash the rat!
You kill the rat!
You closely miss the gnoll. You block the gnoll's attack.
The gnoll closely misses you.
You slash the gnoll!
The gnoll is almost dead.
The gnoll hits you with a flail.
* * * LOW HITPOINT WARNING * * *
You barely miss the gnoll.
The gnoll is almost dead.
The gnoll hits you but does no damage.
You barely miss the gnoll.
The gnoll is almost dead.
The gnoll hits you with a flail!
You die...

#...>...........####
.................#
#.......###..##.###
+.......# #..##.#..
#.##......)# #..##.#..
#.....#+#### #..##.+..
#####.#.# ####..####..
#g#.# #........... ...
###@#.# #.##..####..
.. #.....###.##..# #..
..#.............####..
.#..............).'..
..<.......<.....####..
...#....>###.....# ##.
...#.....# #....<# #.
## #.....# #.....# #.
#.....# #.....# #.


You could see a gnoll.

Vanquished Creatures
  2 adders
  3 gnolls
  A shadow imp (D:3)
  A worm (D:2)
  2 dart slugs
  3 leopard geckos (D:1)
  3 giant cockroaches
  5 goblins
  5 hobgoblins
  3 jackals (D:1)
  4 kobolds
  3 bats
  A frilled lizard (D:2)
  4 rats
40 creatures vanquished.

Notes
Turn   | Place    | Note
-------+----------+-------------------------------------------
     0 | D:1      | hilaritas the Formicid Fighter began the quest for the Orb.
     0 | D:1      | Reached XP level 1. HP: 18/18 MP: 1/1
   158 | D:1      | Reached XP level 2. HP: 22/24 MP: 2/2
   414 | D:1      | Reached XP level 3. HP: 10/29 MP: 3/3
  1315 | D:2      | You fall through a shaft!
  1376 | D:3      | Reached XP level 4. HP: 35/35 MP: 4/4
  1749 | D:2      | Reached XP level 5. HP: 8/41 MP: 5/5
  1757 | D:2      | Slain by a gnoll

Skill      XL: |  1  2  3  4 |
---------------+-------------+-----
Shields        | 4 |  4.7
Axes           | 3 4 |  4.0
Fighting       | |  3.2
Armour         | |  3.2

Action                   |  1- 3 |  4- 6 || total
-------------------------+-------+-------++-------
Melee: War axe           |   102 |    74 ||   176
  Use: Potion            |       |     2 ||     2
  Eat: Chunk             |     2 |     1 ||     3
Armor: Scale mail        |    37 |    18 ||    55
Dodge: Dodged            |    32 |    17 ||    49
Block: Shield            |    55 |    36 ||    91
